AoeStats
← WiNdIGo

Hill Fort

504069525Analyzed
2v2 RM · 28d ago on Sep 3, 2026· 22m 46s· 4 players
Game mode
Random Map
Map size
Medium (4 player)
Population
200
Speed
Normal
Resources
Standard
Victory
Conquest
Starting age
Dark Age
Ending age
Imperial Age
RankedLock teamsTeams togetherTeam positionsShared explorationLock speedFull tech treeHidden civsTurbo modeCheats
Victory
Defeat
🇷🇺 Spanish · Russia
790
+16
🇷🇺 Bohemians · Russia
786
+16
🇺🇸 Teutons · United States
788
-16
🇺🇸 Bulgarians · United States
788
-16
Rodi
10:22 Feudal Age
11:00 Horse Collar
11:08 Double-Bit Axe
15:10 Wheelbarrow
19:51 Castle Age
20:55 Bow Saw
21:11 Heavy Plow
22:20 Pikeman
23:17 Forging
23:07 Scale Mail Armor
WiNdIGo
7:52 Loom
12:33 Feudal Age
14:10 Wheelbarrow
14:48 Horse Collar
15:10 Double-Bit Axe
17:08 Wheelbarrow
20:01 Castle Age
21:21 Bow Saw
EliteDeer040809
7:45 Loom
8:21 Loom
10:37 Feudal Age
11:18 Double-Bit Axe
11:15 Horse Collar
15:56 Wheelbarrow
20:59 Castle Age
19:59 Gold Mining
20:07 Stone Mining
23:05 Bloodlines
elmapuche4098
6:51 Loom
10:44 Feudal Age
11:10 Horse Collar
11:22 Double-Bit Axe
19:51 Castle Age
20:01 Gold Mining
20:46 Bow Saw
20:37 Heavy Plow
Connection lost

Rejoining the realm…

Still unreachable

The connection could not be restored.

Session expired

The server has moved on; the page needs a fresh start.